 Dungeon Crawl Stone Soup version 0.19.1 (webtiles) character file.

57 Nakatomy the Shooter (level 3, -3/29 HPs)
             Began as a Centaur Hunter on Dec 25, 2016.
             Slain by a hobgoblin
             ... wielding a +0 club
              (4 damage)
             ... on level 3 of the Dungeon.
             The game lasted 00:06:18 (2332 turns).

Nakatomy the Shooter (Centaur Hunter)               Turns: 2332, Time: 00:06:19

Health: -3/29      AC:  4    Str: 14    XL:     3   Next: 73%
Magic:  3/3        EV:  9    Int: 10    God:
Gold:   142        SH:  0    Dex: 10    Spells: 0 memorised, 2 levels left

rFire  . . .     SeeInvis .     b - +0 short sword
rCold  . . .     Gourm    .     c - +0 leather armour
rNeg   . . .     Faith    .     (no shield)
rPois  .         Spirit   .     (no helmet)
rElec  .         Reflect  .     (no cloak)
rCorr  .         Harm     .     (no gloves)
MR     .....                    (no barding)
Stlth  +.........               (no amulet)
                                (no ring)
                                (no ring)

@: starving, very quick
A: hooves 3, deformed body, speed 2, tough skin 3
a: no special abilities


You were on level 3 of the Dungeon.
You were starving.

You visited 1 branch of the dungeon, and saw 3 of its levels.

You collected 142 gold pieces.

Inventory:

Hand Weapons
 a - a +1 shortbow
 b - a +0 short sword (weapon)
Missiles
 d - 44 arrows
Armour
 c - a +0 leather armour (worn)
Rods
 j - a +1 rod of shadows (12/12)
   (You found it on level 3 of the Dungeon)
Jewellery
 n - an uncursed amulet of harm {unknown}
 q - an uncursed ring of wizardry {unknown}
Scrolls
 l - a scroll of identify
Potions
 e - a potion of heal wounds
 h - a potion of curing {unknown}
 t - a potion of resistance {unknown}
Books
 o - a book of Changes

   Spells                             Type                      Level
   a - Beastly Appendage              Transmutation                1
   b - Sticks to Snakes               Transmutation                2
   c - Spider Form                    Transmutation/Poison         3
   d - Ice Form                       Ice/Transmutation            4
   e - Blade Hands                    Transmutation                5
Comestibles
 f - 3 bread rations
 g - 3 chunks of flesh
 r - a meat ration


   Skills:
 - Level 2.0 Fighting
 + Level 7.1 Bows
 - Level 1.3 Dodging
 - Level 0.5 Stealth


You had 2 spell levels left.
You didn't know any spells.

Dungeon Overview and Level Annotations

Branches:
Dungeon (3/15)

Altars:
Ashenzari

Annotations:
D:3 Angani's ghost, amateur OpMo


Innate Abilities, Weirdness & Mutations

You have hooves in place of feet.
Armour fits poorly on your strangely shaped body.
You cover ground very quickly.
You have extremely tough skin. (AC +3)


Message History

Angani's ghost hits you but does no damage.
The kobold closely misses you. Angani's ghost hits you!
* * * LOW HITPOINT WARNING * * *
The hobgoblin hits you with a club.
* * * LOW HITPOINT WARNING * * *
You closely miss the hobgoblin. Your kick misses the hobgoblin.
The hobgoblin is heavily wounded.
The kobold hits you with a whip.
* * * LOW HITPOINT WARNING * * *
Angani's ghost hits you but does no damage.
The hobgoblin misses you.
Okay, then.
Unknown command.
As you read the scroll of immolation, it crumbles to dust.
The creatures around you are filled with an inner flame!
The kobold barely misses you. Angani's ghost barely misses you.
You hit the hobgoblin but do no damage.
The hobgoblin is heavily wounded.
The hobgoblin hits you with a club.
You die...

############
#.....W.g.$. ##
#.########..
....#########.##........
#...K.W........#####..
#...###@g.###.#......##g
. ###.# #.#...##.##.
........<.....#.
##.##..#...#...#† #..
......#...#. #.##..#
#.#..!#. #.# .#.#.....#.
....g.r.... .........##


You could see Angani's ghost (inner flame), a hobgoblin (inner flame) and a
kobold (inner flame).

Vanquished Creatures
  A gnoll (D:2)
  An adder (D:2)
  A worm (D:3)
  2 leopard geckos (D:2)
  6 bats
  A giant cockroach (D:3)
  6 goblins
  4 hobgoblins
  A quokka (D:2)
  2 frilled lizards (D:2)
  7 rats
32 creatures vanquished.

Notes
Turn   | Place    | Note
-------+----------+-------------------------------------------
     0 | D:1      | Nakatomy the Centaur Hunter began the quest for the Orb.
     0 | D:1      | Reached XP level 1. HP: 17/17 MP: 1/1
   723 | D:1      | Reached XP level 2. HP: 21/24 MP: 2/2
   824 | D:2      | Found a faded altar of an unknown god.
   847 | D:2      | Reached skill level 6 in Bows
   867 | D:2      | Found a shattered altar of Ashenzari.
  1316 | D:2      | Reached XP level 3. HP: 28/29 MP: 3/3
  2221 | D:3      | Reached skill level 7 in Bows
  2250 | D:3      | Noticed Angani's ghost (amateur OpMo)
  2330 | D:3      | HP: 1/29 [kobold/whip (2)]
  2332 | D:3      | Slain by a hobgoblin

Skill      XL: |  1  2  3 |
---------------+----------+-----
Bows           | 6 7 |  7.1
Fighting       | |  2.0
Dodging        | |  1.3
Stealth        | |  0.5

Action                   || total
-------------------------++-------
Melee: Short sword       ||   113
       Kick              ||    18
 Fire: Shortbow          ||     3
  Use: Scroll            ||     8
  Eat: Chunk             ||     1
Armor: Leather armour    ||    50
Dodge: Dodged            ||    53
